 Dungeon Crawl Stone Soup version 0.31-a0-981-geadf994542 (webtiles) character file.

Game seed: 694423168309982421

175 Dordric the Slasher (level 5, -1/38 HPs)
             Began as a Human Gladiator on Oct 31, 2023.
             Slain by Menkaure (10 damage)
             ... on level 4 of the Dungeon.
             The game lasted 00:04:23 (2839 turns).

Dordric the Slasher (Human Gladiator)               Turns: 2839, Time: 00:04:24

Health: -1/38      AC: 13    Str: 14    XL:     5   Next: 86%
Magic:  5/5        EV: 11    Int:  8    God:
Gold:   221        SH:  5    Dex: 17    Spells: 4/4 levels left

rFire   . . .        h - +3 dagger (speed)
rCold   . . .        (no shield)
rNeg    . . .        w - +4 scale mail
rPois   .            c - +0 helmet
rElec   .            m - +0 cloak
rCorr   .            k - +0 pair of gloves
SInv    .            (no boots)
Will    .....        q - amulet of reflection Stlth
                     (no ring)
HPRegen 0.26/turn    (no ring)
MPRegen 0.09/turn

%: reflection
@: no status effects
A: no striking features
a: no special abilities


You were on level 4 of the Dungeon.
You visited 1 branch of the dungeon, and saw 4 of its levels.

You collected 221 gold pieces.

Inventory:

Hand Weapons
 a - a +0 long sword
 h - a +3 dagger of speed (weapon)
 l - a +1 short sword of electrocution
Missiles
 d - 2 throwing nets (quivered)
 e - a javelin
 s - 11 poisoned darts
Armour
 b - a +0 leather armour
 c - a +0 helmet (worn)
 k - a +0 pair of gloves (worn)
 m - a +0 cloak (worn)
 w - a +4 scale mail (worn)
Jewellery
 q - an amulet of reflection (around neck)
Wands
 x - a wand of quicksilver (4)
Scrolls
 f - 2 scrolls of revelation {unknown}
 i - a scroll of identify {unknown}
 j - 2 scrolls of teleportation {unknown}
 n - a scroll of acquirement {unknown}
 u - a scroll of fear {unknown}
 v - a scroll of vulnerability {unknown}
Potions
 g - 2 potions of invisibility {unknown}
 o - 2 potions of heal wounds {unknown}
 p - 2 potions of curing {unknown}
 r - a potion of enlightenment {unknown}
 t - a potion of resistance {unknown}


   Skills:
 - Level 2.0 Fighting
 + Level 4.9 Long Blades
 - Level 2.0 Throwing
 - Level 4.5 Dodging


You had 4 spell levels left.
You didn't know any spells.
Your spell library contained the following spells:

 Spells                   Type           Power      Damage    Failure   Level
 Freeze                   Ice            0%         1d3       89%         1
 Magic Dart               Conj           0%         1d3       89%         1
 Sting                    Tmut/Pois      0%         1d3       89%         1
 Call Imp                 Summ           0%         N/A       96%         2
 Cigotuvi's Dreadful Rot  Necr/Pois/Air  0%         N/A       96%         2
 Poisonous Vapours        Pois/Air       0%         N/A       96%         2
 Frozen Ramparts          Ice            0%         1d1       99%         3
 Hailstorm                Conj/Ice       0%         3d3       99%         3
 Mephitic Cloud           Conj/Pois/Air  0%         N/A       99%         3
 Tukima's Dance           Hex            0%         N/A       99%         3
 Dispel Undead            Necr           0%         3d6       100%        4
 Olgreb's Toxic Radiance  Pois           0%         N/A       100%        4
 Passage of Golubria      Tloc           0%         N/A       100%        4
 Yara's Violent Unravell  Hex/Tmut       0%         3d3       100%        5
 Death Channel            Necr           0%         N/A       100%        6
 Discord                  Hex            0%         N/A       100%        8
 Ignition                 Fire           0%         3d3       100%        8


Dungeon Overview and Level Annotations

Branches:
Dungeon (4/15)
 Temple: D:4-7

Altars:

Shops:
D:1 [

Annotations:
D:4 Menkaure


Message History

No target in view!
No target in view!
No target in view!
No target in view!
You see here a ball python corpse.
Menkaure, Prince of Dust comes into view.
Menkaure shouts!
An adder comes into view.
There are monsters nearby!
There are monsters nearby!
Menkaure is nearby!
Menkaure gestures wildly while chanting.
Menkaure seems to speed up.
You hear an angry hiss.
You hit Menkaure.
Menkaure is lightly damaged.
Menkaure calls on the powers of darkness!
The adder convulses!
Your body is wracked with pain!
You hit Menkaure.
Menkaure is moderately damaged.
You barely miss Menkaure.
Menkaure is moderately damaged.
Menkaure closely misses you.
You hit Menkaure but do no damage.
Menkaure is moderately damaged.
Menkaure hits you but does no damage.
You hit Menkaure.
Menkaure is moderately damaged.
Menkaure barely misses you.
You hit Menkaure.
Menkaure is severely damaged.
You hit Menkaure but do no damage.
Menkaure is severely damaged.
Menkaure gestures at you while chanting.
Pain shoots through your body!
* * * LOW HITPOINT WARNING * * *
You hit Menkaure.
Menkaure is almost destroyed.
Menkaure hits you!
You die...

#......... #...#.....
....#.... ....... ..
#....##... ##.........
##.. #...M...... ..#.#
#.@#... .... .
###.###.## ###......
##.#.##...###...##...
#>...###.........#...
#....##...<..........
#.....#......).......
####.##..............
..##..................
#........†..............


You could see Menkaure (fast).

Vanquished Creatures
  4 gnolls
  4 adders
  3 dart slugs
  7 orcs (D:3)
  11 endoplasms
  2 giant cockroaches
  5 goblins
  10 hobgoblins
  3 jackals (D:3)
  7 kobolds
  4 quokkas
  6 ball pythons
  6 bats
  4 frilled lizards
  6 rats
82 creatures vanquished.

Notes
Turn   | Place    | Note
-------+----------+-------------------------------------------
     0 | D:1      | Dordric the Human Gladiator began the quest for the Orb.
     0 | D:1      | Reached XP level 1. HP: 16/16 MP: 1/1
   150 | D:1      | Reached XP level 2. HP: 22/22 MP: 2/2
   300 | D:1      | Found Xyly's Armour Shop.
   454 | D:1      | Reached XP level 3. HP: 27/27 MP: 3/3
   860 | D:2      | Reached XP level 4. HP: 29/33 MP: 4/4
  1224 | D:1      | Reached XP level 5. HP: 11/38 MP: 5/5
  2825 | D:4      | Noticed Menkaure
  2839 | D:4      | Slain by Menkaure

Illustrated notes

Levels and vault maps discovered:
D:1:      eino_arrival_water_star, layout_rooms, serial_shops,
          nicolae_lakefront_shop
D:2:      layout_rooms
D:3:      layout_basic
D:4:      layout_cave_pools, ebering_ghost_sewer_f, serial_shops,
          nicolae_shop_tiny_statue_garden, minmay_unequal, uniq_menkaure

Skill      XL: |  1  2  3  4 |
---------------+-------------+-----
Long Blades    | 4 |  4.9
Dodging        | 4 |  4.5
Fighting       | |  2.0
Throwing       | |  2.0

Action                     |  1- 3 |  4- 6 || total
---------------------------+-------+-------++-------
  Melee: Long sword        |    50 |       ||    50
         Short sword       |    30 |   149 ||   179
         Punch             |     1 |       ||     1
         Dagger            |       |    28 ||    28
  Throw: Throwing net      |       |     1 ||     1
 Armour: Leather armour    |     7 |       ||     7
         Plate armour      |    54 |   146 ||   200
         Scale mail        |       |    17 ||    17
         Chain mail        |       |     4 ||     4
  Dodge: Dodged            |    14 |    46 ||    60
  Block: Other             |       |    24 ||    24

Table legend: (Time is in decaauts)
 A = Elapsed time spent in this place.
 B = Non-inter-level travel time spent in this place.
 C = Inter-level travel time spent in this place.
 D = Time resting spent in this place.
 E = Time spent auto-exploring this place.
 F = Levels seen in this place.
 G = Mean time per level.
                   A        B        C        D        E       F      G
               +--------+--------+--------+--------+--------+-----+--------+
         Total |   2820 |   2570 |    250 |    170 |   1853 |   4 |  705.0 |
       Dungeon |   2820 |   2570 |    250 |    170 |   1853 |   4 |  705.0 |
               +--------+--------+--------+--------+--------+-----+--------+

Top non-repeatable levels by time:
     D:3: 1043 daAuts
     D:1: 919 daAuts
     D:2: 637 daAuts
     D:4: 220 daAuts
